 Dungeon Crawl Stone Soup version 0.17-a0-1951-g62301d3 (webtiles) character file.

11083 Ordine the Stickfighter (level 11, -8/100 HPs)
             Began as a Minotaur Gladiator on Oct 3, 2015.
             Was a High Priest of Okawaru.
             Mangled by Urug
             ... wielding a +2 great sword of electrocution
              (28 damage)
             ... on level 10 of the Dungeon.
             The game lasted 00:41:55 (10161 turns).

Ordine the Stickfighter (Minotaur Gladiator)       Turns: 10161, Time: 00:41:56

Health: -8/100     AC: 11    Str: 18 (20) XL:     11   Next: 44%
Magic:  10/10      EV: 13    Int:  4 (5)  God:    Okawaru [*****.]
Gold:   249        SH:  0    Dex:  8 (10) Spells: 0 memorised, 10 levels left

rFire  + + .     SeeInvis .     a - +1 quarterstaff
rCold  . . .     Clarity  .     A - +5 leather armour "Soin" {+Fly rF+}
rNeg   . . .     SustAt   .     (no shield)
rPois  .         Gourm    .     c - +0 hat
rElec  .         Spirit   .     L - +0 cloak
rCorr  .         Warding  .     (no gloves)
rMut   .         Stasis   .     z - +0 pair of boots
MR     .....                    (no amulet)
Stlth  ++........               P - ring of stealth
                                q - ring of protection from fire

@: very slightly contaminated, hasted, invisible, very quick, not resistant to
hostile enchantments, unstealthy
A: retaliatory headbutt, hooves 1, horns 2, breathe flames 1, clumsy 2,
deterioration 1, sense surroundings 1, robust 1
a: Heroism, Finesse, Renounce Religion, Breathe Fire, Evoke Flight


You were on level 10 of the Dungeon.
You worshipped Okawaru.
Okawaru was extremely pleased with you.
You were not hungry.

You visited 3 branches of the dungeon, and saw 13 of its levels.
You also visited: Sewer.

You collected 567 gold pieces.
You spent 318 gold pieces at shops.

Inventory:

Hand weapons
 a - a +1 quarterstaff (weapon)
Missiles
 d - 5 throwing nets (quivered)
Armour
 c - a +0 hat (worn)
 z - a +0 pair of boots (worn)
 A - the +5 leather armour "Soin" (worn) {+Fly rF+}
   (You found it on level 4 of the Dungeon)

   It protects you from fire.
   It lets you fly.
 L - a +0 cloak (worn)
 O - the +0 ring mail "Laezul" {MR- rCorr Str+2 Dex-4}
   (You found it on level 6 of the Dungeon)

   It affects your strength (+2).
   It affects your dexterity (-4).
   It affects your resistance to hostile enchantments.
   It protects you from acid and corrosion.
Jewellery
 j - an uncursed ring of teleportation
 q - a ring of protection from fire (left hand)
 B - an uncursed ring of flight
 P - a ring of stealth (right hand)
Magical devices
 f - a wand of magic darts (24)
 p - a wand of disintegration (6)
 u - a wand of fire (0)
 D - a wand of draining (4)
 Q - a wand of disintegration (17)
Scrolls
 b - 2 scrolls of fear
 w - 3 scrolls of recharging
 y - 2 scrolls of teleportation
 E - 3 scrolls of amnesia
 F - 2 scrolls of magic mapping
 H - 3 scrolls of enchant armour
 J - 5 scrolls of enchant weapon
 K - a scroll of remove curse
 N - 2 scrolls of immolation
 R - 5 scrolls of identify
Potions
 i - 2 potions of magic
 o - 5 potions of brilliance
 s - a potion of resistance
 t - a potion of lignification
 C - 2 potions of agility
 G - 4 potions of flight
Books
 h - a book of Burglary

   Spells                             Type                      Level
   a - Swiftness                      Charms/Air                   2
   b - Passwall                       Transmutation/Earth          3
   c - Passage of Golubria            Translocation                4
   d - Lee's Rapid Deconstruction     Earth                        5
   e - Darkness                       Hexes                        6
   f - Invisibility                   Hexes                        6
 n - a book of Debilitation

   Spells                             Type                      Level
   a - Corona                         Hexes                        1
   b - Slow                           Hexes                        2
   c - Gell's Gravitas                Hexes/Translocation          3
   d - Inner Flame                    Hexes/Fire                   3
   e - Cause Fear                     Hexes                        4
   f - Leda's Liquefaction            Hexes/Earth                  4
 r - a book of Envenomations

   Spells                             Type                      Level
   a - Spider Form                    Transmutation/Poison         3
   b - Alistair's Intoxication        Transmutation/Poison         4
   c - Olgreb's Toxic Radiance        Poison                       4
   d - Poisonous Cloud                Conjuration/Poison/Air       6
 I - a book of Ice

   Spells                             Type                      Level
   a - Ice Form                       Ice/Transmutation            4
   b - Metabolic Englaciation         Hexes/Ice                    5
   c - Ozocubu's Refrigeration        Ice                          6
   d - Bolt of Cold                   Conjuration/Ice              6
   e - Freezing Cloud                 Conjuration/Ice/Air          6
   f - Simulacrum                     Ice/Necromancy               6
 S - a book of Battle

   Spells                             Type                      Level
   a - Infusion                       Charms                       1
   b - Shroud of Golubria             Charms/Translocation         2
   c - Song of Slaying                Charms                       2
   d - Spectral Weapon                Hexes/Charms                 3
   e - Regeneration                   Charms/Necromancy            3
Comestibles
 e - 6 bread rations
 g - 2 chunks of flesh
 m - 4 meat rations
 v - 4 fruits
 x - a beef jerky
 M - a slice of pizza


   Skills:
 + Level 6.7 Fighting
 - Level 18.0 Staves
 - Level 2.0 Throwing
 + Level 5.5 Armour
 + Level 6.1 Dodging


You had 10 spell levels left.
You didn't know any spells.

Dungeon Overview and Level Annotations

Branches:
Dungeon (11/15)            Temple (1/1) D:5            Lair (1/8) D:10
    Orc (0/4) D:9

Altars:
Ashenzari
Cheibriados
Dithmenos
Elyvilon
Fedhas
Gozag
Kikubaaqudgha
Makhleb
Nemelex Xobeh
Okawaru
Qazlal
Ru
Sif Muna
Trog
Vehumet
Xom
Yredelemnul
Zin
The Shining One

Shops:
D:7 *}??!   D:10 (

Annotations:
D:10 Urug


Innate Abilities, Weirdness & Mutations

You reflexively headbutt those who attack you in melee.
You have a pair of horns on your head.
You have large cloven feet.
You can breathe flames.
You are very clumsy. (Dex -4)
Your body sometimes deteriorates upon taking damage.
You passively map a small area around you.
You are robust (+10% HP).


Message History

Urug barely misses you.
You barely miss Urug. You headbutt Urug.
Urug is heavily wounded.
You completely miss Urug. You headbutt Urug, but do no damage.
Urug is heavily wounded.
Urug screams, "Revenge!"
Urug hits you with a great sword of electrocution!!
* * * LOW HITPOINT WARNING * * *
You are too injured to fight recklessly!
You can't go down here!
You climb upwards.
Welcome back to the Dungeon!
There is a staircase to the Lair here.
Drink which item? (? for menu, Esc to quit)
You fade into invisibility!
Urug closely misses you.
You are very lightly contaminated with residual magic.
Drink which item? (? for menu, Esc to quit)
You feel yourself speed up.
Urug hits you with a great sword of electrocution!!
You die...

....#....#.......# #...
....'....'.......### #...
....#....#.........### #...
....#'####....P.P....##########..
....#....#....(P.P...P#..........
....'......PPPP.......#......#...
....#......P...P.P.P.........#...
....#.....PPP.####P..........'...
....##.....P..#.@#...P.......###'
.....#........'[o#P.P............
.............P####PP...#.........
.....#......P.....P.P..#.........
.....#.......)...P..P..#.........
.....#.........PP......'.........
.....#.####..))..P...###.........
.................................
.............[...................


You could see Urug.

Vanquished Creatures
  Josephine (D:10)
  Erica (Lair:1)
  A hill giant (D:11)
  A spiny frog (Lair:1)
  3 blink frogs
  3 wraiths (D:10)
  22 yaks
  A deep elf fighter (D:10)
  A wyvern (D:8)
  An eye of draining (D:10)
  A sky beast (D:10)
  4 orc warriors
  An ice beast (D:10)
  4 centaurs
  3 ogres
  A phantom (D:4)
  A crocodile (D:10)
  6 big kobolds
  7 giant frogs
  3 scorpions
  5 killer bees (D:9)
  A water moccasin skeleton (D:7)
  4 wights (D:7)
  2 giant frog zombies
  3 quasits (D:10)
  2 centaur zombies
  5 hounds
  3 crimson imps
  8 orc priests
  Ijyb (D:2)
  4 iguanas
  A centaur skeleton (D:4)
  5 jellies
  16 orc wizards
  2 worker ants
  Terence (D:2)
  11 adders
  8 gnolls
  8 river rats
  A shadow imp (D:8)
  An ooze (Sewer)
  An adder skeleton (D:6)
  2 worms
  8 giant geckos
  31 orcs
  6 ball pythons
  4 giant cockroaches
  12 hobgoblins
  4 quokkas
  19 bats
  2 giant gecko skeletons
  8 giant newts
  13 goblins
  A jackal skeleton (D:8)
  68 kobolds
  38 rats
375 creatures vanquished.

Vanquished Creatures (others)
  A fungus (D:10)
1 creature vanquished.

Grand Total: 376 creatures vanquished

Notes
Turn   | Place    | Note
--------------------------------------------------------------
     0 | D:1      | Ordine the Minotaur Gladiator began the quest for the Orb.
     0 | D:1      | Reached XP level 1. HP: 18/18 MP: 0/0
    50 | D:1      | Reached skill level 4 in Staves
   215 | D:1      | Reached XP level 2. HP: 18/25 MP: 1/1
   867 | D:2      | Found a stormy altar of Qazlal.
   954 | D:2      | Noticed Terence
   962 | D:2      | Killed Terence
   962 | D:2      | Reached skill level 5 in Staves
   962 | D:2      | Reached XP level 3. HP: 18/30 MP: 2/2
  1163 | D:2      | Noticed Ijyb
  1178 | D:2      | Killed Ijyb
  1178 | D:2      | Reached skill level 6 in Staves
  1178 | D:2      | Reached XP level 4. HP: 32/37 MP: 3/3
  1680 | D:3      | Reached skill level 7 in Staves
  1680 | D:3      | Reached XP level 5. HP: 26/42 MP: 4/4
  2161 | D:4      | Noticed an ogre
  2166 | D:4      | Killed an ogre
  2166 | D:4      | Reached skill level 8 in Staves
  2173 | D:4      | Reached XP level 6. HP: 44/50 MP: 5/5
  2230 | D:4      | Reached skill level 9 in Staves
  2386 | D:4      | Reached XP level 7. HP: 44/56 MP: 6/6
  2421 | D:4      | Reached skill level 10 in Staves
  2964 | D:4      | Noticed a phantom
  2964 | D:4      | Noticed an ogre
  2972 | D:4      | Killed an ogre
  2972 | D:4      | Reached skill level 11 in Staves
  3004 | D:4      | Killed a phantom
  3004 | D:4      | Reached XP level 8. HP: 53/62 MP: 7/7
  3013 | D:4      | Got a heavily runed leather armour
  3024 | D:4      | Identified the +5 leather armour "Soin" {+Fly rF+} (You found it on level 4 of the Dungeon)
  3269 | D:5      | Entered Level 5 of the Dungeon
  3373 | D:5      | Found a glowing drain.
  3377 | Sewer    | Entered a sewer
  3951 | D:5      | Reached skill level 12 in Staves
  4272 | D:5      | Found a staircase to the Ecumenical Temple.
  4486 | Temple   | Entered the Ecumenical Temple
  4569 | Temple   | Became a worshipper of Warmaster Okawaru
  4652 | D:6      | Reached skill level 13 in Staves
  4892 | D:6      | Got a twisted ring mail
  4903 | D:6      | Identified the cursed +0 ring mail "Laezul" {MR- rCorr Str+2 Dex-4} (You found it on level 6 of the Dungeon)
  5049 | D:7      | Found Cuulem's Magic Scroll Boutique.
  5062 | D:7      | Found Fakutesh's Distillery.
  5064 | D:7      | Bought a scroll of identify for 32 gold pieces
  5064 | D:7      | Bought a scroll of identify for 32 gold pieces
  5064 | D:7      | Bought a scroll of identify for 32 gold pieces
  5064 | D:7      | Bought a scroll of identify for 32 gold pieces
  5064 | D:7      | Bought 2 scrolls of identify for 64 gold pieces
  5064 | D:7      | Bought 3 scrolls of identify for 96 gold pieces
  5084 | D:7      | Bought a potion of mutation for 30 gold pieces
  5092 | D:7      | Gained mutation: You heal slowly when monsters are visible. [potion of mutation]
  5092 | D:7      | Gained mutation: You passively map a small area around you. [potion of mutation]
  5093 | D:7      | Lost mutation: You heal slowly when monsters are visible. [potion of mutation]
  5093 | D:7      | Gained mutation: You are robust (+10% HP). [potion of mutation]
  5093 | D:7      | Gained mutation: Your body sometimes deteriorates upon taking damage. [potion of mutation]
  5108 | D:7      | Reached XP level 9. HP: 51/74 MP: 8/8
  5121 | D:7      | Reached skill level 14 in Staves
  5146 | D:7      | Acquired Okawaru's first power
  5193 | D:7      | Reached skill level 15 in Staves
  5321 | D:7      | Found Soqipt's Magic Scroll Boutique.
  5344 | D:7      | Found Aptaschint's Gadget Shop.
  5350 | D:7      | Found Goeb's General Store.
  5892 | D:8      | Reached skill level 16 in Staves
  6137 | D:8      | Reached XP level 10. HP: 81/81 MP: 9/9
  6364 | D:9      | Found a staircase to the Orcish Mines.
  6590 | D:9      | Found a blossoming altar of Fedhas.
  6813 | D:10     | Entered Level 10 of the Dungeon
  6842 | D:10     | Reached skill level 17 in Staves
  6865 | D:10     | Noticed Josephine
  6882 | D:10     | Killed Josephine
  7013 | D:10     | Reached skill level 18 in Staves
  7016 | D:10     | Found a staircase to the Lair.
  7077 | D:10     | Reached skill level 1 in Armour
  7117 | D:10     | Noticed a hill giant
  7490 | D:11     | Killed a hill giant
  7674 | D:11     | Acquired Okawaru's second power
  7683 | D:11     | Reached XP level 11. HP: 25/93 MP: 10/10
  8039 | D:11     | Reached skill level 5 in Fighting
  8369 | D:10     | Gained mutation: You are clumsy. (Dex -2) [potion of mutation]
  8369 | D:10     | Gained mutation: You can breathe flames. [potion of mutation]
  8369 | D:10     | Gained mutation: You are very clumsy. (Dex -4) [potion of mutation]
  8578 | D:10     | Reached skill level 5 in Dodging
  8587 | D:10     | Received a gift from Okawaru
  8942 | D:10     | Gained mutation: You have large cloven feet. [mutagenic meat]
  9077 | D:10     | Found Nidim's Weapon Shoppe.
  9116 | Lair:1   | Entered Level 1 of the Lair of Beasts
  9139 | Lair:1   | Reached skill level 5 in Armour
  9661 | Lair:1   | Received a gift from Okawaru
  9699 | Lair:1   | Noticed Erica
  9705 | Lair:1   | Noticed Urug
  9713 | Lair:1   | Killed Erica
 10161 | D:10     | Mangled by Urug

Vault maps used:
D:1:      minmay_arrival_doors, corner_web_ring
D:2:      hangedman_abyss_or_decor_stabs, grunt_qazlal_sundering, uniq_terence,
          uniq_iyjb
D:3:      feat_on_display
D:4:      minmay_goblin_kobold_castle, minivault_5, minmay_goblin_kobold_house
D:5:      minmay_temple_entry_enclosed_plants, first_bread, gup_sewer_entry_bowl
D:6:      minmay_misc_feat_rows
D:7:      serial_shops, shop, shop_fountains, kennysheep_little_box, shop,
          nicolae_shop_crystal
D:9:      fedhas_bush_and_centaur_altar, orc_0_dummy
D:10:     grunt_lair_entry_elf_guard_hut, serial_shops, shop_statue,
          uniq_josephine
D:11:     serial_shops, shop, the_bakery
Temple:   grunt_wide_crystal_templ_18
Lair:1:   lemuel_fruit_tree, uniq_erica, uniq_urug
Sewer:    sewer_minmay_treatment

Action                   |  1- 3 |  4- 6 |  7- 9 | 10-12 || total
-------------------------+-------+-------+-------+-------++-------
Melee: Quarterstaff      |    57 |   146 |   529 |   469 ||  1201
Invok: Heroism           |       |       |       |     4 ||     4
Evoke: Wand              |       |       |       |     1 ||     1
  Use: Scroll            |     7 |     5 |    18 |     1 ||    31
       Potion            |       |       |     9 |    12 ||    21
 Stab: Sleeping          |     1 |       |       |       ||     1
  Eat: Chunk             |     1 |     4 |    12 |    16 ||    33
